 Dungeon Crawl Stone Soup version 0.31.0-11-ge490571c62 (webtiles) character file.

Game seed: 2987489848629298192

1635 Fodor the Cruncher (level 8, -11/49 (70) HPs)
             Began as a Minotaur Fighter on Feb 9, 2024.
             Was an Initiate of Gozag.
             Killed by divine providence
             ... invoked by Jeremiah
              (16 damage)
             ... on level 7 of the Dungeon.
             The game lasted 00:31:52 (5936 turns).

Fodor the Cruncher (Minotaur Fighter)               Turns: 5936, Time: 00:31:52

HP:   -11/49 (70)   AC: 13    Str: 23    XL:     8   Next: 66%
MP:   7/7           EV:  7    Int:  5    God:    Gozag
Gold: 560           SH:  5    Dex: 10    Spells: 7/7 levels left

rFire   . . .        h - +3 quarterstaff (chaos)
rCold   . . .        (shield currently unavailable)
rNeg    . . .        v - +0 plate armour
rPois   .            (helmet currently unavailable)
rElec   .            y - melded +0 cloak
rCorr   .            b - melded +0 pair of gloves
SInv    .            C - melded +0 pair of boots
Will    .....        e - amulet of reflection Stlth
                     (no ring)
HPRegen 0.28/turn    (no ring)
MPRegen 0.10/turn

%: reflection
@: beast-form, very heavily drained
A: beast (slay +0), horns 2, retaliatory headbutt
a: Begin Untransformation, Renounce Religion, Potion Petition, Call Merchant,
Bribe Branch


You were on level 7 of the Dungeon.
You worshipped Gozag.
Gozag was pleased with you.
You were a hulking beast.
You visited 1 branch of the dungeon, and saw 8 of its levels.

You collected 618 gold pieces.
You paid 58 gold pieces to Gozag.

Inventory:

Hand Weapons
 a - a +0 war axe
 h - a +3 quarterstaff of chaos (weapon)
Armour
 b - a +0 pair of gloves (melded)
 c - a +0 buckler
 v - a +0 plate armour (worn)
 y - a +0 cloak (melded)
 C - a +0 pair of boots (melded)
Jewellery
 e - an amulet of reflection (around neck)
Talismans
 s - a beast talisman (active)
Wands
 z - a wand of charming (13)
Scrolls
 f - 2 scrolls of revelation
 i - 2 scrolls of enchant weapon {unknown}
 j - a scroll of immolation {unknown}
 k - a scroll of blinking {unknown}
 m - 2 scrolls of poison {unknown}
 o - 2 scrolls of teleportation {unknown}
 p - a scroll of amnesia {unknown}
 r - 3 scrolls of fog {unknown}
 w - a scroll of noise
 x - 3 scrolls of brand weapon
 A - a scroll of vulnerability
Potions
 d - a potion of might
 g - 2 potions of heal wounds {unknown}
 n - 2 potions of enlightenment {unknown}
 q - 2 potions of haste {unknown}
 t - a potion of lignification {unknown}
 u - 2 potions of degeneration {unknown}
 B - a potion of berserk rage {unknown}


   Skills:
 + Level 6.2 Fighting
 + Level 3.0 Axes
 + Level 8.1 Staves
 + Level 6.6 Armour
 + Level 2.0 Dodging
 + Level 1.4 Stealth
 + Level 5.9 Shields
 + Level 1.6 Shapeshifting


You had 7 spell levels left.
You didn't know any spells.
Your spell library contained the following spells:

 Spells                   Type           Power      Damage    Failure   Level
 Hailstorm                Conj/Ice       0%         3d5       100%        3
 Summon Ice Beast         Ice/Summ       0%         N/A       100%        3
 Vhi's Electric Charge    Tloc/Air       0%         N/A       100%        4
 Arcjolt                  Conj/Air       0%         1d10      100%        5
 Sculpt Simulacrum        Ice/Alch       0%         N/A       100%        6
 Maxwell's Capacitive Co  Air            0%         ∞         100%        8


Dungeon Overview and Level Annotations

Branches:
Dungeon (8/15)             Temple (0/1) D:4
   Lair: D:8-11

Altars:
Ashenzari
Dithmenos
Elyvilon
Gozag
Nemelex Xobeh
Ru
Xom

Annotations:
D:7 Jeremiah


Innate Abilities, Weirdness & Mutations

You are a hulking beast.
Your limbs bulge with bestial killing power. (Slay +0)
You have a pair of horns on your head.
You reflexively headbutt those who attack you in melee.


Message History

You sock the butterfly! You freeze the butterfly.
You kill the butterfly!
The butterfly disappears in a burst of colours! x2
Jeremiah hits you from afar with a +3 trident of draining.
You feel drained.
You miss the butterfly.
The butterfly disappears in a burst of colours!
Jeremiah hits you from afar with a +3 trident of draining.
You feel drained.
You sock the butterfly!
You kill the butterfly!
The butterfly disappears in a burst of colours!
Jeremiah hits you from afar with a +3 trident of draining!
You feel drained.
You hit the butterfly.
You kill the butterfly!
The butterfly disappears in a burst of colours!
Jeremiah hits you from afar with a +3 trident of draining.
You feel drained.
You miss the butterfly.
The butterfly disappears in a burst of colours!
Jeremiah hits you but does no damage.
You feel drained.
You hit the butterfly. You freeze the butterfly.
You kill the butterfly!
The butterfly disappears in a burst of colours! x2
Jeremiah hits you from afar with a +3 trident of draining.
You feel drained.
* * * LOW HITPOINT WARNING * * *
You sock the butterfly! You freeze the butterfly.
You kill the butterfly!
The butterfly disappears in a burst of colours!
Jeremiah hits you from afar with a +3 trident of draining!
* * * LOW HITPOINT WARNING * * *
You feel drained.
* * * LOW HITPOINT WARNING * * *
Jeremiah throws their arms up pleadingly.
Something smites you!
You die...
Jeremiah wails, "I didn't mean to kill anyone!
I'm not a murderer!"
Your body crumbles into a pile of gold.

#### ..# #.#
#######.########
#......hbbFbb..#
#.#####.######b#
#.# #.# #.# #.#
#.# #.# #.# #.#
#.# #.#
#.######.#########
................#


You could see Jeremiah (resistant).

Vanquished Creatures
  A hornet (D:7)
  A steam dragon (D:4)
  2 water moccasins (D:5)
  An ogre (D:6)
  A phantom (D:6)
  2 bullfrogs
  3 scorpions
  A howler monkey (D:4)
  A bombardier beetle (D:4)
  Crazy Yiuf (D:6)
  2 orc priests (D:6)
  A hound (D:4)
  3 iguanas
  2 sleepcaps
  Natasha (thrice) (D:3)
  3 orc wizards
  6 adders
  3 white imps (D:6)
  2 dart slugs (D:3)
  2 ribbon worms (D:2)
  13 orcs
  7 ball pythons
  8 endoplasms
  3 giant cockroaches
  7 goblins
  7 hobgoblins
  6 jackals (D:4)
  6 quokkas
  10 bats
  4 frilled lizards
  7 kobolds
  3 rats
122 creatures vanquished.

Notes
Turn   | Place    | Note
-------+----------+-------------------------------------------
     0 | D:1      | Fodor the Minotaur Fighter began the quest for the Orb.
     0 | D:1      | Reached XP level 1. HP: 19/19 MP: 0/0
   164 | D:1      | Reached XP level 2. HP: 27/27 MP: 1/1
   540 | D:1      | Reached XP level 3. HP: 33/33 MP: 2/2
   687 | D:1      | Found a faded altar of an unknown god.
  1047 | D:2      | Reached skill level 1 in Dodging
  1184 | D:2      | Reached skill level 1 in Staves
  1184 | D:2      | Reached XP level 4. HP: 41/41 MP: 3/3
  1740 | D:3      | Noticed Natasha
  1747 | D:3      | Killed Natasha
  1860 | D:3      | Reached skill level 2 in Staves
  1868 | D:3      | Reached XP level 5. HP: 47/47 MP: 4/4
  1872 | D:3      | Identified the +3 leather armour of the Circus Animal
                  | {rElec Will- Regen+ Int+2}
  2074 | D:3      | Noticed Natasha
  2078 | D:3      | Killed Natasha
  2079 | D:3      | Reached skill level 3 in Staves
  2149 | D:3      | Found a sacrificial altar of Ru.
  2195 | D:3      | Found a broken altar of Ashenzari.
  2322 | D:3      | Noticed Natasha
  2327 | D:3      | Killed Natasha
  2488 | D:4      | Found an opulent altar of Gozag.
  2495 | D:4      | Became a worshipper of Gozag Ym Sagoz the Greedy
  2502 | D:4      | Found a shadowy altar of Dithmenos.
  2620 | D:4      | Found a staircase to the Ecumenical Temple.
  3008 | D:4      | Found a white marble altar of Elyvilon.
  3199 | D:4      | Noticed a steam dragon
  3213 | D:4      | Killed a steam dragon
  3214 | D:4      | Reached skill level 4 in Staves
  3214 | D:4      | Reached skill level 1 in Stealth
  3214 | D:4      | Reached XP level 6. HP: 23/55 MP: 5/5
  3491 | D:4      | Reached skill level 5 in Fighting
  3549 | D:4      | Reached skill level 5 in Staves
  3642 | D:4      | Found a shimmering altar of Xom.
  3985 | D:5      | Entered Level 5 of the Dungeon
  4018 | D:5      | Reached XP level 7. HP: 61/61 MP: 6/6
  4043 | D:5      | You fall into a shaft and drop 3 floors!
  4060 | D:8      | Reached skill level 5 in Armour
  4119 | D:7      | Noticed a hornet
  4133 | D:7      | Paralysed by a hornet for 1 turns
  4135 | D:7      | Killed a hornet
  4136 | D:7      | Reached skill level 6 in Staves
  4136 | D:7      | Reached skill level 5 in Shields
  4600 | D:6      | Found a sparkling altar of Nemelex Xobeh.
  4626 | D:6      | Reached XP level 8. HP: 53/70 MP: 7/7
  4690 | D:6      | Reached skill level 7 in Staves
  4860 | D:5      | Reached skill level 1 in Shapeshifting
  5594 | D:6      | Found a runed translucent door.
  5595 | D:6      | Noticed Crazy Yiuf
  5602 | D:6      | Killed Crazy Yiuf
  5603 | D:6      | Reached skill level 8 in Staves
  5882 | D:7      | Noticed Jeremiah
  5936 | D:7      | Killed from afar by Jeremiah

Illustrated notes

Levels and vault maps discovered:
D:1:      wander_arrival_fairy_ring, layout_loops_ring,
          hellmonk_ecumenical_altar_zigzags, fountainhead
D:2:      layout_loops_cross
D:3:      layout_loops_corners, mainiacjoe_overflow_surrounded_room,
          lemuel_round_altar, uniq_natasha
D:4:      layout_layer_cave, mainiacjoe_overflow_24_doors,
          grunt_dithmenos_smoke, elyvilon_altar_1,
          mainiacjoe_overflow_small_starburst, lemuel_temple_firewalk_b,
          minmay_pentomino_pile
D:5:      layout_basic
D:6:      layout_layer_cave, mainiacjoe_overflow_six_doors_small,
          chequers_serial_rivers_small_b, uniq_crazy_yiuf_cottage
D:7:      layout_loops_ring, grunt_temple_overflow_diamond, lemuel_doored_altar,
          fiery_altar_vehumet, serial_park_tiny_pond, uniq_jeremiah
D:8:      lemuel_insect_pit, layout_rooms, kennysheep_slug_shrine,
          serial_bayou_ford_a, roderic_nine_men_s_morris, kennysheep_island_fort

Skill      XL: |  1  2  3  4  5  6  7  8 |
---------------+-------------------------+-----
Fighting       | 4 5 6 |  6.2
Shields        | 4 5 |  5.9
Dodging        | 1 2 |  2.0
Axes           | 3 |  3.0
Staves         | 1 2 4 5 6 8 |  8.1
Armour         | 4 5 6 |  6.6
Stealth        | 1 |  1.4
Shapeshifting  | 1 |  1.6

Action                     |  1- 3 |  4- 6 |  7- 9 || total
---------------------------+-------+-------+-------++-------
  Melee: War axe           |    60 |       |       ||    60
         Headbutt          |     8 |    17 |    14 ||    39
         Quarterstaff      |    39 |    99 |   145 ||   283
    Use: Scroll            |       |       |     4 ||     4
   Stab: Held in net/web   |     1 |       |       ||     1
 Armour: Scale mail        |    59 |    18 |       ||    77
         Plate armour      |       |    41 |    95 ||   136
         Leather armour    |       |    11 |       ||    11
  Dodge: Dodged            |    49 |    56 |    37 ||   142
  Block: Buckler           |    38 |       |       ||    38
         Reflection        |     4 |     1 |       ||     5
         Other             |     7 |    26 |    23 ||    56
   Form: Beast             |       |     1 |     2 ||     3
                           |       |       |     2 ||     2
